 Dungeon Crawl Stone Soup version 0.28.0-43-g3370ac3207 (webtiles) character file.

Game seed: 5078293573030799920

21 mortz the Conjurer (level 2, 0/20 HPs)
             Began as a Draconian Conjurer on Mar 30, 2022.
             Slain by an adder (3 damage)
             ... on level 2 of the Dungeon.
             The game lasted 00:03:25 (635 turns).

mortz the Conjurer (Draconian Conjurer)              Turns: 635, Time: 00:03:25

Health: 0/20       AC:  4    Str:  9    XL:     2   Next: 62%
Magic:  1/5        EV: 16    Int: 18    God:
Gold:   47         SH:  0    Dex:  9    Spells: 4/5 levels left

rFire   . . .      SeeInvis .   a - +0 short sword {short}
rCold   . . .      Faith    .   (no shield)
rNeg    . . .      Spirit   .   (armour unavailable)
rPois   .          Reflect  .   (helmet restricted)
rElec   .          Harm     .   (no cloak)
rCorr   .          Rampage  .   (no gloves)
Will    .....                   (no boots)
Stlth   ++........              f - amulet of the acrobat
HPRegen 0.06/turn               e - +4 ring of evasion
MPRegen 0.09/turn               (no ring)

@: no status effects
A: AC +4, unfitting armour, cold-blooded
a: no special abilities


You were on level 2 of the Dungeon.
You visited 1 branch of the dungeon, and saw 2 of its levels.

You collected 47 gold pieces.


Innate Abilities, Weirdness & Mutations

Your plain brown scales are hard. (AC +4)
You cannot fit into any form of body armour.
You are cold-blooded and may be slowed by cold attacks.


   Skills:
 + Level 1.9 Dodging
 + Level 2.0 Stealth
 + Level 2.1 Spellcasting
 + Level 4.5 Conjurations


You had 4 spell levels left.
You knew the following spells:

 Your Spells              Type           Power      Damage    Failure   Level
a - Magic Dart            Conj           72%        1d6       2%          1

Your spell library contained the following spells:

 Spells                   Type           Power      Damage    Failure   Level
 Searing Ray              Conj           36%        2d5       4%          2
 Dazzling Flash           Conj/Hex       20%        N/A       22%         3
 Call Canine Familiar     Summ           1%         N/A       47%         3
 Portal Projectile        Hex/Tloc       2%         N/A       47%         3
 Fulminant Prism          Conj/Hex       5%         3d7       56%         4
 Iskenderun's Mystic Bla  Conj/Tloc      10%        2d4       56%         4
 Leda's Liquefaction      Hex/Erth       0%         N/A       87%         4

Inventory:

Hand Weapons
 a - a +0 short sword (weapon) {short}
   (You found it on level 1 of the Dungeon)
Missiles
 c - 25 sling bullets
 d - 23 stones {throwing}
Jewellery
 e - a +4 ring of evasion (left hand)
   (You found it on level 1 of the Dungeon)
 f - an amulet of the acrobat (around neck)
   (You found it on level 1 of the Dungeon)
Potions
 b - a potion of resistance {unknown}

Dungeon Overview and Level Annotations

Branches:
Dungeon (1/15)

Altars:

Annotations:
D:1 1 runed translucent door

##############
....l.rยง.g...#### ###
############J...# #.#
# #.....# ##.# ..
#..#######..# ##.##
##.######SgJ.#
w$...####...g..l@K##.#
#.##...l#.##########.#
........J# #S#
#.......# #.#
#...#...## #g#
#.#..##..# #.# . ##.
##.### #J# # #.l.##
#.# ###..## #.#


You could see an adder, an endoplasm, 2 hobgoblins, a kobold and a frilled
lizard.


Message History

You are frozen.
The ball python moves out of view. ๐Ÿ˜• HP[-1]
You take 1 damage, and now have 17/20 hp. ๐Ÿ˜• HP[+1] MP[+1] ๐Ÿ˜• MP[+1] Really walk into that dispersal trap?
You enter a dispersal trap!
The endoplasm blinks!
The gnoll blinks!
You blink.
A frilled lizard comes into view.
The endoplasm enters a dispersal trap!
You blink.
A hobgoblin comes into view.
A quokka comes into view.
A kobold comes into view. It is wielding a +0 club.
The kobold shouts!
The hobgoblin shouts!
You hear an angry hiss.
A rat comes into view.
The hobgoblin completely misses you. ๐Ÿ˜• HP[+1]
An adder comes into view.
The hobgoblin closely misses you. The quokka completely misses you.
The quokka bites you but does no damage.
The adder hisses angrily. ๐Ÿ˜• MP[+1]
Your mp is fully restored (5).
The quokka completely misses you.
Aiming: Magic Dart (safe; 3% risk of failure)
Press: ? - help, Q - select action, (/) - cycle Shift-Dir - straight line, f - quokka
Aim: a quokka (100% to hit)
The magic dart hits the quokka.
The quokka completely misses you.
The quokka closely misses you. ๐Ÿ˜• MP[-1]
You lost 1 mp, and now have 4/5 mp.
Aiming: Magic Dart (safe; 3% risk of failure)
Press: ? - help, Q - select action, (/) - cycle Shift-Dir - straight line, f/p - quokka
Aim: a quokka (heavily wounded, 100% to hit)
The magic dart hits the quokka.
The quokka barely misses you. ๐Ÿ˜• MP[-1]
You lost 1 mp, and now have 3/5 mp.
Aiming: Magic Dart (safe; 3% risk of failure)
Press: ? - help, Q - select action, (/) - cycle Shift-Dir - straight line, f/p - quokka
Aim: a quokka (severely wounded, 100% to hit)
The magic dart hits the quokka.
You kill the quokka!
The kobold hits you with a +0 club.
Your Stealth skill increases to level 2! ๐Ÿ˜• HP[-2] MP[-1]
You take 2 damage, and now have 17/20 hp.
You lost 1 mp, and now have 2/5 mp. ๐Ÿ˜• HP[+1] ๐Ÿ˜• MP[+1]
Aiming: Magic Dart (safe; 3% risk of failure)
Press: ? - help, Q - select action, (/) - cycle Shift-Dir - straight line, f - gnoll
Aim: a gnoll, wielding a +0 halberd (100% to hit)
The magic dart hits the gnoll.
The gnoll hits you from afar with a +0 halberd!
* * * LOW HITPOINT WARNING * * *
๐Ÿ˜จ HP[-8] MP[-1]
You take 8 damage, and now have 10/20 hp.
MASSIVE DAMAGE!! (PAUSE)
You lost 1 mp, and now have 2/5 mp.
Aiming: Magic Dart (safe; 3% risk of failure)
Press: ? - help, Q - select action, (/) - cycle Shift-Dir - straight line, f/p - gnoll
Aim: a gnoll, wielding a +0 halberd (moderately wounded, 100% to hit)
The magic dart hits the gnoll.
The gnoll misses you.
The kobold hits you but does no damage. ๐Ÿ˜จ MP[-1]
You lost 1 mp, and now have 1/5 mp.
Aiming: Magic Dart (safe; 3% risk of failure)
Press: ? - help, Q - select action, (/) - cycle Shift-Dir - straight line, f/p - gnoll
Aim: a gnoll, wielding a +0 halberd (severely wounded, 100% to hit)
The magic dart hits the gnoll.
The gnoll misses you.
The kobold closely misses you. ๐Ÿ˜จ MP[-1]
You lost 1 mp, and now have 0/5 mp.
The gnoll barely misses you.
You hit the gnoll.
You kill the gnoll!
The kobold completely misses you. ๐Ÿ˜ฎ HP[+1]
You closely miss the frilled lizard.
Your tail-slap misses the frilled lizard.
The adder closely misses you.
The frilled lizard completely misses you.
The kobold hits you with a +0 club.
* * * LOW HITPOINT WARNING * * *
๐Ÿ˜จ HP[-3] MP[+1]
You take 3 damage, and now have 8/20 hp.
You hit the frilled lizard. The adder bites you.
* * * LOW HITPOINT WARNING * * *
The frilled lizard misses you. The kobold hits you with a +0 club.
* * * LOW HITPOINT WARNING * * *
The adder misses you. ๐Ÿ˜ฑ HP[-5]
You take 5 damage, and now have 3/20 hp.
MASSIVE DAMAGE!! (PAUSE)
You barely miss the frilled lizard. The frilled lizard misses you.
The adder bites you.
You die...

Skill      XL: |  1  2 |
---------------+-------+-----
Stealth        | 2 |  2.0
Dodging        | |  1.9
Spellcasting   | |  2.1
Conjurations   | |  4.5

Action                   || total
-------------------------++-------
Melee: Short sword       ||     5
 Cast: Magic Dart        ||    25
Armor: Skin              ||     5
Dodge: Dodged            ||    41

Levels and vault maps discovered:
D:1:      dpeg_arrival_caged_fury, layout_loops_cross,
          hellmonk_ecumenical_altar_inner_sanctum, serial_park_tiny_1
D:2:      layout_rooms

Notes
Turn   | Place    | Note
-------+----------+-------------------------------------------
     0 | D:1      | mortz the Draconian Conjurer began the quest for the Orb.
     0 | D:1      | Reached XP level 1. HP: 14/14 MP: 3/3
     0 | D:1      | magus.rc [v1.9.6]
     3 | D:1      | Found a runed translucent door.
   302 | D:1      | You pick up a book of the Hunter and begin reading...
   302 | D:1      | You add the spells Call Canine Familiar, Portal Projectile
                  | and Leda's Liquefaction to your library.
   520 | D:1      | You fall into a shaft and drop 1 floor!
   531 | D:2      | Reached XP level 2. HP: 18/20 MP: 0/5
   615 | D:2      | Reached skill level 2 in Stealth
   634 | D:2      | HP: 4/20 [adder (4)]
   635 | D:2      | Slain by an adder

Vanquished Creatures
  A gnoll (D:2)
  An endoplasm (D:1)
  2 giant cockroaches
  A hobgoblin (D:1)
  A quokka (D:2)
  4 ball pythons (D:1)
  2 kobolds
12 creatures vanquished.

Table legend:
 A = Non-vault XP
 B = Vault XP
 C = Vault XP percentage of total XP
 D = Non-vault monster count
 E = Vault monster count
 F = Vault count percentage of total count
                 A         B        C        D         E       F
            +---------+---------+-------+---------+---------+-------
      Total |      30 |       0 |   0.0 |      12 |       0 |   0.0
            +---------+---------+-------+---------+---------+-------
        D:1 |      11 |       0 |   0.0 |       8 |       0 |   0.0
        D:2 |      19 |       0 |   0.0 |       4 |       0 |   0.0
            +---------+---------+-------+---------+---------+-------

Illustrated notes

Table legend:
 A = Kills in this place as a percentage of kills in entire the game.
 B = Kills by you in this place as a percentage of kills by you in the entire game.
 C = Kills by friends in this place as a percentage of kills by friends in the entire game.
 D = Other kills in this place as a percentage of other kills in the entire game.
 E = Experience gained in this place as a percentage of experience gained in the entire game.
 F = Experience gained in this place divided by the number of levels of this place that you have seen.
                   A       B       C       D       E      F
               +-------+-------+-------+-------+-------+----------------------
         Total | 100.0 | 100.0 |   N/A |   N/A | 100.0 |  15.0
       Dungeon | 100.0 | 100.0 |   N/A |   N/A | 100.0 |  15.0
               +-------+-------+-------+-------+-------+----------------------

Table legend: (Time is in decaauts)
 A = Elapsed time spent in this place.
 B = Non-inter-level travel time spent in this place.
 C = Inter-level travel time spent in this place.
 D = Time resting spent in this place.
 E = Time spent auto-exploring this place.
 F = Levels seen in this place.
 G = Mean time per level.
                   A        B        C        D        E       F      G
               +--------+--------+--------+--------+--------+-----+--------+
         Total |    635 |    635 |      0 |     37 |    424 |   2 |  317.5 |
       Dungeon |    635 |    635 |      0 |     37 |    424 |   2 |  317.5 |
               +--------+--------+--------+--------+--------+-----+--------+

Top non-repeatable levels by time:
     D:1: 519 daAuts
     D:2: 116 daAuts
